 Dungeon Crawl Stone Soup version 0.20-a0-1122-gb7cbeb9 (webtiles) character file.

14 MatthieuS the Ruffian (level 2, -1/27 HPs)
             Began as a Troll Transmuter on May 11, 2017.
             Killed by divine providence
             ... invoked by an orc priest
              (8 damage)
             ... on level 4 of the Dungeon.
             The game lasted 00:01:36 (559 turns).

MatthieuS the Ruffian (Troll Transmuter)             Turns: 559, Time: 00:01:37

Health: -1/27      AC:  5    Str: 17    XL:     2   Next: 27%
Magic:  11/11      EV: 10    Int:  9    God:
Gold:   28         SH:  0    Dex: 10    Spells: 2/3 levels left

rFire    . . .     SeeInvis .     - Unarmed
rCold    . . .     Gourm    +   (no shield)
rNeg     . . .     Faith    .   b - +0 robe
rPois    .         Spirit   .   (helmet restricted)
rElec    .         Reflect  .   (no cloak)
rCorr    .         Harm     .   (gloves unavailable)
MR       .....                  (boots unavailable)
Stlth    +.........             (no amulet)
Regen    0.5/turn               e - ring of magical power
MPRegen  0.2/turn               (no ring)

@: no status effects
A: unfitting armour, claws 3, fast metabolism 3, gourmand, regeneration 1,
shaggy fur 1, tough skin 2
a: no special abilities


You were on level 4 of the Dungeon.
You were very hungry.

You visited 1 branch of the dungeon, and saw 4 of its levels.

You collected 28 gold pieces.

Inventory:

Missiles
 a - 12 arrows
Armour
 b - a +0 robe (worn)
 n - the +1 hat "Lilag" {rF+ rC+ Str+4 Int-5, unknown}
   (You found it on level 4 of the Dungeon)

   It affects your strength (+4).
   It affects your intelligence (-5).
   It protects you from fire.
   It protects you from cold.
Jewellery
 e - a ring of magical power (left claw)
Scrolls
 g - a scroll of blinking {unknown}
 h - a scroll of teleportation {unknown}
 i - a scroll of recharging {unknown}
 m - 3 scrolls of amnesia {unknown}
Potions
 j - a potion of brilliance {unknown}
Books
 c - a book of Changes

   Spells                             Type                      Level
   a - Beastly Appendage              Transmutation                1
   b - Sticks to Snakes               Transmutation                2
   c - Spider Form                    Transmutation/Poison         3
   d - Ice Form                       Ice/Transmutation            4
   e - Blade Hands                    Transmutation                5
Comestibles
 d - 2 bread rations
 f - a royal jelly
 k - a chunk of flesh
 l - a meat ration


   Skills:
 + Level 1.1 Fighting
 - Level 1.5 Dodging
 * Level 3.5 Unarmed Combat
 - Level 1.2 Spellcasting
 - Level 1.3 Transmutations


You had 2 spell levels left.
You knew the following spells:

 Your Spells              Type           Power        Failure   Level  Hunger
a - Beastly Appendage     Tmut           #.....       21%         1    ##.....


Dungeon Overview and Level Annotations

Branches:
Dungeon (4/15)
 Temple: D:4-7

Altars:


Innate Abilities, Weirdness & Mutations

You are too large for most types of armour.
You have claws for hands.
Your metabolism is lightning-fast.
You like to eat raw meat.
Your natural rate of healing is unusually fast.
You are covered in fur. (AC +1)
You have very tough skin. (AC +2)


Message History

The howler monkey hits you.
You see here a distressingly furry hat.
n - a distressingly furry hat The howler monkey hoots and howls with incredible vigour!
The orc hits you with a whip of holy wrath!
You hear an angry hiss. x2; You hear a shout!
The orc priest looks satisfied for a moment.
A phantom comes into view.
The orc priest calls down the wrath of Beogh upon you.
Beogh smites you!
The orc wizard gestures wildly while chanting.
The orc wizard blinks!
The howler monkey hits you.
* * * LOW HITPOINT WARNING * * *
The orc hits you but does no damage.
Found a stone staircase leading down.
Found a scale mail.
The orc priest looks encouraged for a moment.
The orc priest calls down the wrath of Beogh upon you.
Beogh smites you!
You die...

#....>....#
#..W.<....#
#.........#
+.o.ยง....o#
##.###.####
##+##.## .#
#...o..# ..
#...h..# ...
#...@..#
....
#......#
####..##
#>.# ...[
..... #..##
#..#


You could see a phantom, a howler monkey, an orc priest and an orc.

Vanquished Creatures
  A leopard gecko (D:1)
  3 bats
  A giant cockroach (D:3)
  3 hobgoblins (D:1)
  A goblin (D:3)
  2 rats
11 creatures vanquished.

Notes
Turn   | Place    | Note
-------+----------+-------------------------------------------
     0 | D:1      | MatthieuS the Troll Transmuter began the quest for the Orb.
     0 | D:1      | Reached XP level 1. HP: 18/18 MP: 1/1
   303 | D:1      | Reached skill level 1 in Fighting
   375 | D:1      | Reached XP level 2. HP: 23/27 MP: 2/2
   550 | D:4      | Noticed a howler monkey
   552 | D:4      | Got a distressingly furry hat
   554 | D:4      | Noticed a phantom
   559 | D:4      | Killed from afar by an orc priest

Vault maps used:
D:1:      saegor_arrival_simple_b
D:3:      corexii_shack_village, minmay_overflow_temple_star_quad, first_bread,
          minmay_goblin_outpost

Skill      XL: |  1 |
---------------+----+-----
Fighting       | 1 |  1.1
Dodging        | |  1.5
Unarmed Combat | |  3.5
Spellcasting   | |  1.2
Transmutations | |  1.3

Action                   || total
-------------------------++-------
Melee: Unarmed           ||    47
       Punch             ||     1
  Eat: Chunk             ||     1
Armor: Robe              ||    42
Dodge: Dodged            ||    48
